 Dungeon Crawl Stone Soup version 0.18.1-47-g9310371 (webtiles) character file.

65 sarahorange the Charmwright (level 3, -1/25 HPs)
             Began as a High Elf Skald on June 17, 2016.
             Slain by a gnoll
             ... wielding a +0 whip
              (8 damage)
             ... on level 2 of the Dungeon.
             The game lasted 00:15:16 (1687 turns).

sarahorange the Charmwright (High Elf Skald)        Turns: 1687, Time: 00:15:16

Health: -1/25      AC:  3    Str: 12    XL:     3   Next: 94%
Magic:  8/8        EV: 11    Int: 16    God:
Gold:   81         SH:  0    Dex: 14    Spells: 2 memorised, 5 levels left

rFire  . . .     SeeInvis .     a - +0 falchion
rCold  . . .     Gourm    .     b - +0 leather armour
rNeg   . . .     Faith    .     (no shield)
rPois  .         Spirit   .     (no helmet)
rElec  .         Dismiss  .     (no cloak)
rCorr  .         Reflect  .     (no gloves)
SustAt +         Harm     .     (no boots)
MR     .....                    (no amulet)
Stlth  +.........               (no ring)
                                o - ring of sustain attributes

@: singing, not resistant to hostile enchantments, very unstealthy
A: no striking features
a: Stop Singing


You were on level 2 of the Dungeon.
You were not hungry.

You visited 1 branch of the dungeon, and saw 2 of its levels.

You collected 81 gold pieces.

Inventory:

Hand Weapons
 a - a +0 falchion (weapon)
 k - a +1 dagger of speed
Missiles
 e - 9 tomahawks (quivered)
Armour
 b - a +0 leather armour (worn)
 f - a cursed +0 ring mail
 i - a +0 ring mail
 l - a +1 robe of positive energy
 q - a +0 scale mail
Jewellery
 o - a ring of sustain attributes (left hand)
Scrolls
 r - a scroll of random uselessness {unknown}
Potions
 h - a potion of flight {unknown}
 j - a potion of might {unknown}
Books
 c - a book of Battle

   Spells                             Type                      Level
   a - Infusion                       Charms                       1
   b - Shroud of Golubria             Charms/Translocation         2
   c - Song of Slaying                Charms                       2
   d - Spectral Weapon                Hexes/Charms                 3
   e - Regeneration                   Charms/Necromancy            3
Comestibles
 d - 2 bread rations
 m - a slice of pizza
 n - a meat ration


   Skills:
 + Level 2.5 Fighting
 + Level 3.1 Long Blades
 + Level 0.2 Throwing
 + Level 1.1 Armour
 + Level 1.3 Dodging
 + Level 0.8 Stealth
 + Level 3.0 Spellcasting
 + Level 4.2 Charms


You had 5 spell levels left.
You knew the following spells:

 Your Spells              Type           Power        Failure   Level  Hunger
a - Infusion              Chrm           ###.         6%          1    #......
b - Song of Slaying       Chrm           ###.....     10%         2    ##.....


Dungeon Overview and Level Annotations

Branches:
Dungeon (2/15)

Altars:


Message History

* * * LOW HITPOINT WARNING * * *
Drink which item? (? for menu, Esc to quit)
You feel better. The gnoll barely misses you.
You hit the gnoll.
The gnoll is heavily wounded.
The gnoll barely misses you.
You hit the gnoll.
The gnoll is heavily wounded.
The gnoll hits you with a whip.
* * * LOW HITPOINT WARNING * * *
You hit the gnoll.
The gnoll is severely wounded.
The gnoll closely misses you.
You barely miss the gnoll.
The gnoll is severely wounded.
The gnoll misses you.
You barely miss the gnoll.
The gnoll is severely wounded.
The gnoll hits you with a whip!
You die...

#....... ..##.# #..##♣.♣#
####.# #.. ..# #.#
##'##♣.♣ #.# ##...##.#
#.# ##.....♣.♣ ###.####
##........# ##.#....#
#.........####...#...#
+........gg@.............
#.........####...#...####
##.......## ##......#
##.....## #.##.#.#
##...## #.# .#.# ##'##
#.# .#.# ... #.# ##. #.


You could see 2 gnolls.

Vanquished Creatures
  Natasha (D:2)
  An adder (D:2)
  A gnoll (D:2)
  A dart slug (D:1)
  2 giant geckos
  A giant cockroach (D:2)
  4 hobgoblins
  2 bats (D:1)
  A giant newt (D:1)
  3 goblins
  A kobold (D:1)
  4 rats
22 creatures vanquished.

Notes
Turn   | Place    | Note
--------------------------------------------------------------
     0 | D:1      | sarahorange the High Elf Skald began the quest for the Orb.
     0 | D:1      | Reached XP level 1. HP: 14/14 MP: 4/4
   525 | D:1      | Reached XP level 2. HP: 19/19 MP: 2/6
   541 | D:1      | Learned a level 2 spell: Song of Slaying
   929 | D:2      | Noticed Natasha
   933 | D:2      | Noticed a crimson imp
   936 | D:2      | Reached skill level 1 in Armour
   947 | D:2      | Killed Natasha
   947 | D:2      | Reached skill level 4 in Charms
   947 | D:2      | Reached XP level 3. HP: 4/25 MP: 0/8
  1687 | D:2      | Slain by a gnoll

Skill      XL: |  1  2  3 |
---------------+----------+-----
Armour         | 1 |  1.1
Long Blades    | 3 |  3.1
Charms         | 4 |  4.2
Spellcasting   | 3 |  3.0
Fighting       | |  2.5
Throwing       | |  0.2
Dodging        | |  1.3
Stealth        | |  0.8

Action                   || total
-------------------------++-------
Melee: Falchion          ||    77
Throw: Tomahawk          ||    11
 Cast: Infusion          ||     6
       Song of Slaying   ||     4
  Use: Scroll            ||     2
       Potion            ||     6
 Stab: Sleeping          ||     1
  Eat: Chunk             ||     3
Armor: Leather armour    ||    15
Dodge: Dodged            ||    35
